 Dungeon Crawl Stone Soup version 0.20.1-1-g8b1a95d66d (webtiles) character file.

270 Andry07 the Skirmisher (level 6, -1/44 HPs)
             Began as a Gargoyle Fighter on Jan 29, 2018.
             Killed by divine providence
             ... invoked by an orc priest
              (12 damage)
             ... on level 4 of the Dungeon.
             The game lasted 00:03:06 (2290 turns).

Andry07 the Skirmisher (Gargoyle Fighter)           Turns: 2290, Time: 00:03:06

Health: -1/44      AC: 11    Str: 21    XL:     6   Next: 22%
Magic:  6/6        EV:  7    Int:  9    God:
Gold:   134        SH:  9    Dex:  9    Spells: 5/5 levels left

rFire    . . .     SeeInvis .   a - +0 flail
rCold    . . .     Gourm    .   c - +0 shield
rNeg     + . .     Faith    .   b - +0 scale mail
rPois    ∞         Spirit   .   (no helmet)
rElec    +         Reflect  .   (no cloak)
rCorr    .         Harm     .   (no gloves)
MR       .....                  (no boots)
Stlth    ..........             (no amulet)
Regen    0.2/turn               (no ring)
MPRegen  0.1/turn               (no ring)

@: no status effects
A: negative energy resistance 1, electricity resistance, unbreathing,
petrification resistance, rot immunity, AC +4
a: no special abilities


You were on level 4 of the Dungeon.
You were hungry.

You visited 1 branch of the dungeon, and saw 4 of its levels.
You also visited: Sewer.

You collected 134 gold pieces.

Inventory:

Hand Weapons
 a - a +0 flail (weapon)
Armour
 b - a +0 scale mail (worn)
 c - a +0 shield (worn)
Scrolls
 g - 3 scrolls of remove curse {unknown}
 h - a scroll of identify {unknown}
 l - a scroll of magic mapping {unknown}
 n - 2 scrolls of amnesia {unknown}
 o - 2 scrolls of teleportation {unknown}
 t - a scroll of fear {unknown}
 u - a scroll of enchant weapon {unknown}
 v - a scroll of blinking {unknown}
Potions
 d - 6 potions of might
 e - 3 potions of agility {unknown}
 i - 7 potions of heal wounds {unknown}
 k - 2 potions of berserk rage {unknown}
 p - a potion of mutation {unknown}
 q - 3 potions of flight {unknown}
 r - a potion of curing {unknown}
 s - a potion of brilliance {unknown}
 w - a potion of haste {unknown}
Books
 y - the Grimoire of the Supportive Frostbite
   (You found it on level 4 of the Dungeon)

   Spells                             Type                      Level
   a - Throw Icicle                   Conjuration/Ice              4
   b - Summon Ice Beast               Ice/Summoning                4
   c - Dragon's Call                  Summoning                    9
Comestibles
 f - 4 bread rations
 j - 3 royal jellies
 m - 2 meat rations
 x - 2 chunks of flesh


   Skills:
 - Level 7.0 Fighting
 - Level 2.0 Maces & Flails
 + Level 4.0 Armour
 - Level 3.2 Shields


You had 5 spell levels left.
You didn't know any spells.

Dungeon Overview and Level Annotations

Branches:
Dungeon (4/15)
 Temple: D:4-7

Altars:
Fedhas
Gozag
Makhleb
Sif Muna
Yredelemnul

Annotations:
D:4 Menkaure


Innate Abilities, Weirdness & Mutations

You are resistant to torment.
Your stone body is resilient. (AC +4)
You are immune to poison.
You resist negative energy. (rN+)
You are resistant to electric shocks. (rElec)
You can survive without breathing.
You are immune to petrification.
You are immune to rotting.


Message History

You hit the orc priest.
The orc priest is lightly wounded.
The orc priest hits you with an enchanted hand axe.
The orc priest barely misses you.
You barely miss the orc priest.
The orc priest is lightly wounded.
The orc priest hits you with an enchanted hand axe.
You barely miss the orc priest.
The orc priest is lightly wounded.
You block the orc priest's attack.
Unknown command.
The orc priest invokes the aid of Beogh against you.
Pain shoots through your body!
* * * LOW HITPOINT WARNING * * *
Menkaure calls on the powers of darkness!
The orc priest convulses!
The orc convulses!
Your body is wracked with pain!
* * * LOW HITPOINT WARNING * * *
The orc priest invokes the aid of Beogh against you.
Beogh smites you!
You die...

#.#########
#..o......#
#..###.##.# ....
#.##.# #.##
#o##.######## .
#M#.........#
#o#..######.#
######.#..######.
........@...._....
.....#..#..#####..
#### #........#
#.##..##.# #.##..#
# #.##..##.##..
#.##......... ###
#.###.#####.#
##.###.# #.###...


You could see Menkaure, an orc priest and an orc.

Vanquished Creatures
  A big kobold (Sewer)
  2 worker ants (D:4)
  3 adders (D:2)
  A river rat (D:3)
  2 oozes
  4 worms
  A dart slug (D:3)
  4 leopard geckos
  2 orcs (D:4)
  4 giant cockroaches
  6 goblins
  4 hobgoblins
  4 jackals
  17 kobolds
  5 quokkas
  4 ball pythons
  9 bats
  9 frilled lizards
  16 rats
98 creatures vanquished.

Notes
Turn   | Place    | Note
-------+----------+-------------------------------------------
     0 | D:1      | Andry07 the Gargoyle Fighter began the quest for the Orb.
     0 | D:1      | Reached XP level 1. HP: 14/14 MP: 1/1
   225 | D:1      | Reached XP level 2. HP: 19/20 MP: 2/2
   238 | D:1      | Reached skill level 4 in Fighting
   613 | D:2      | Reached XP level 3. HP: 18/24 MP: 3/3
   636 | D:2      | Found a faded altar of an unknown god.
   677 | D:2      | Reached skill level 5 in Fighting
   810 | D:2      | Reached XP level 4. HP: 31/31 MP: 4/4
  1078 | D:2      | Found a deep blue altar of Sif Muna.
  1300 | D:3      | Found a glowing drain.
  1336 | Sewer    | Entered a sewer
  1565 | Sewer    | Reached skill level 6 in Fighting
  1620 | Sewer    | Reached XP level 5. HP: 35/36 MP: 5/5
  1691 | Sewer    | Noticed a big kobold
  1706 | Sewer    | Killed a big kobold
  1946 | D:3      | Found an opulent altar of Gozag.
  1987 | D:3      | Reached skill level 7 in Fighting
  2001 | D:3      | Found a burning altar of Makhleb.
  2080 | D:3      | Found a basalt altar of Yredelemnul.
  2220 | D:4      | Reached XP level 6. HP: 34/44 MP: 6/6
  2259 | D:4      | Found a blossoming altar of Fedhas.
  2260 | D:4      | Identified the Grimoire of the Supportive Frostbite
  2275 | D:4      | Noticed Menkaure
  2290 | D:4      | Killed from afar by an orc priest

Skill      XL: |  1  2  3  4  5  6 |
---------------+-------------------+-----
Fighting       | 4 5 6 7 |  7.0
Armour         | 4 |  4.0
Maces & Flails | |  2.0
Shields        | |  3.2

Action                   |  1- 3 |  4- 6 || total
-------------------------+-------+-------++-------
Melee: Flail             |   128 |   233 ||   361
  Eat: Chunk             |       |     5 ||     5
Armor: Scale mail        |    98 |   149 ||   247
Dodge: Dodged            |    62 |    88 ||   150
Block: Shield            |    94 |   138 ||   232
